 Dungeon Crawl Stone Soup version 0.20-b1 (webtiles) character file.

155 Ijustatesigmund the Conjurer (level 5, 0/45 HPs)
             Began as a Draconian Conjurer on May 19, 2017.
             Slain by an orc
             ... wielding a cursed +0 trident
              (6 damage)
             ... on level 4 of the Dungeon.
             The game lasted 00:07:57 (3171 turns).

Ijustatesigmund the Conjurer (Draconian Conjurer)   Turns: 3171, Time: 00:07:59

Health: 0/45       AC:  5    Str: 11    XL:     5   Next: 14%
Magic:  7/10       EV: 11    Int: 16    God:
Gold:   108        SH:  0    Dex: 11    Spells: 8/11 levels left

rFire    . . .     SeeInvis .   h - +2 dagger (flame)
rCold    . . .     Gourm    .   (no shield)
rNeg     . . .     Faith    .   (armour unavailable)
rPois    .         Spirit   .   (helmet restricted)
rElec    .         Reflect  .   (no cloak)
rCorr    .         Harm     .   (no gloves)
MR       .....                  (no boots)
Stlth    +.........             (no amulet)
Regen    0.2/turn               (no ring)
MPRegen  0.2/turn               (no ring)

@: drained
A: unfitting armour, cold-blooded, AC +5
a: no special abilities


You were on level 4 of the Dungeon.
You were not hungry.

You visited 1 branch of the dungeon, and saw 4 of its levels.

You collected 108 gold pieces.

Inventory:

Hand Weapons
 h - a +2 dagger of flaming (weapon)
Missiles
 k - a throwing net (quivered)
Scrolls
 c - 5 scrolls of identify
 m - a scroll of teleportation {unknown}
Potions
 d - a potion of magic
 f - 2 potions of haste {unknown}
 j - a potion of brilliance {unknown}
 l - 2 potions of degeneration {unknown}
Books
 a - a book of Conjurations

   Spells                             Type                      Level
   a - Magic Dart                     Conjuration                  1
   b - Searing Ray                    Conjuration                  2
   c - Dazzling Spray                 Conjuration/Hexes            3
   d - Fulminant Prism                Conjuration/Hexes            4
   e - Force Lance                    Conjuration/Translocation    4
   f - Iskenderun's Mystic Blast      Conjuration                  4
Comestibles
 b - a bread ration
 g - 2 meat rations
 i - a royal jelly


   Skills:
 + Level 3.4(2.4) Fighting
 - Level 1.7(0.8) Dodging
 - Level 1.7(0.8) Stealth
 + Level 3.9(2.9) Spellcasting
 - Level 4.0(2.9) Conjurations


You had 8 spell levels left.
You knew the following spells:

 Your Spells              Type           Power        Failure   Level  Hunger
a - Magic Dart            Conj           ##..         5%          1    #......
b - Searing Ray           Conj           ##....       9%          2    ##.....


Dungeon Overview and Level Annotations

Branches:
Dungeon (4/15)
 Temple: D:4-7

Altars:
Dithmenos
Elyvilon
Hepliaklqana
Sif Muna
Zin

Annotations:
D:3 2 transporters


Innate Abilities, Weirdness & Mutations

Your plain brown scales are hard. (AC +5)
You cannot fit into any form of body armour.
You are cold-blooded and may be slowed by cold attacks.


Message History

The hound skeleton barely misses you. The orc barely misses you.
Cast which spell? (? or * to list)
Aiming: Searing Ray
Press: ? - help, Shift-Dir - straight line, f - orc priest
Aim: an orc priest, wielding a hand axe and wearing a leather armour (heavily wounded)
The searing ray hits the orc priest.
The orc priest is severely wounded. (Press . to maintain the ray.)
The hound skeleton bites you but does no damage.
The orc priest barely misses you.
The orc hits you from afar with a trident.
* * * LOW HITPOINT WARNING * * *
The hound skeleton bites you but does no damage.
The searing ray hits the orc priest.
The orc priest is almost dead.
The orc priest hits you with a hand axe.
* * * LOW HITPOINT WARNING * * *
The hound skeleton closely misses you.
The orc hits you from afar with a trident.
You die...

.o# ..## ..# ... ######
#.####### .....#
##....### ##.......#
.....#
#.......###..######.
.....# #.........o.##
.....# ##.......)Z..###
.....###........@o....#
.......................#
.....#.#)#.............#
.......................#
.....#.#.#............##
...#...................#
...#.#.#.#.........###.#
...#...............+ .#
.....##............#


You could see an orc priest, an orc and a hound skeleton.

Vanquished Creatures
  A bullfrog skeleton (D:4)
  5 adders
  4 worms
  2 leopard geckos
  10 orcs
  A ball python (D:2)
  4 bats
  3 giant cockroaches
  6 goblins
  3 hobgoblins
  3 jackals (D:3)
  3 quokkas
  3 frilled lizards
  7 kobolds
  6 rats
61 creatures vanquished.

Notes
Turn   | Place    | Note
-------+----------+-------------------------------------------
     0 | D:1      | Ijustatesigmund the Draconian Conjurer began the quest for the Orb.
     0 | D:1      | Reached XP level 1. HP: 14/14 MP: 3/3
   246 | D:1      | Reached skill level 1 in Fighting
   254 | D:1      | Reached XP level 2. HP: 23/23 MP: 0/5
   258 | D:1      | Learned a level 2 spell: Searing Ray
   852 | D:2      | Found a shadowy altar of Dithmenos.
  1071 | D:2      | Reached XP level 3. HP: 10/28 MP: 3/7
  1750 | D:2      | Found a deep blue altar of Sif Muna.
  2022 | D:3      | Reached XP level 4. HP: 25/37 MP: 8/8
  2049 | D:3      | Found a hazy altar of Hepliaklqana.
  2215 | D:3      | Found a white marble altar of Elyvilon.
  2215 | D:3      | Noticed a troll
  2758 | D:3      | Found a glowing silver altar of Zin.
  2906 | D:4      | Reached XP level 5. HP: 29/45 MP: 10/10
  3171 | D:4      | Slain by an orc

Skill      XL: |  1  2  3  4 |
---------------+-------------+-----
Fighting       | 1 2 3 |  3.4
Spellcasting   | 3 |  3.9
Dodging        | |  1.7
Stealth        | |  1.7
Conjurations   | |  4.0

Action                   |  1- 3 |  4- 6 || total
-------------------------+-------+-------++-------
Melee: Dagger            |    61 |    94 ||   155
       Tailslap          |     5 |    11 ||    16
 Cast: Magic Dart        |    42 |    18 ||    60
       Searing Ray       |       |     1 ||     1
  Use: Scroll            |     5 |     1 ||     6
       Potion            |       |     1 ||     1
 Stab: Sleeping          |     3 |     1 ||     4
  Eat: Bread ration      |     1 |       ||     1
       Chunk             |       |     3 ||     3
Armor: Skin              |    16 |    25 ||    41
Dodge: Dodged            |    37 |    64 ||   101
